 Dungeon Crawl Stone Soup version 0.28-a0-726-g4a9143789a (webtiles) character file.

Game seed: 16183111610626254941

70 cheechan the Charlatan (level 4, 0/38 HPs)
             Began as a Naga Artificer on Oct 27, 2021.
             Slain by a gnoll (4 damage)
             ... on level 2 of the Dungeon.
             The game lasted 00:02:40 (1279 turns).

cheechan the Charlatan (Naga Artificer)             Turns: 1279, Time: 00:02:42

Health: 0/38       AC:  3    Str: 15    XL:     4   Next: 21%
Magic:  4/4        EV:  9    Int: 11    God:
Gold:   12         SH:  0    Dex: 12    Spells: 3/3 levels left

rFire   . . .      SeeInvis +   h - +1 short sword (holy)
rCold   . . .      Faith    .   (no shield)
rNeg    . . .      Spirit   .   b - +0 leather armour
rPois   +          Reflect  .   (no helmet)
rElec   .          Harm     .   (no cloak)
rCorr   .          Rampage  .   (no gloves)
Will    .....                   (no barding)
Stlth   ++........              n - amulet of the acrobat
HPRegen 0.12/turn               k - ring of poison resistance
MPRegen 0.09/turn               (no ring)

@: short of breath, very slow
A: AC +1, large, see invisible, deformed body, poison resistance, slowness 2,
spit poison 1, naga tail 1
a: Spit Poison


You were on level 2 of the Dungeon.
You visited 1 branch of the dungeon, and saw 2 of its levels.

You collected 12 gold pieces.

Inventory:

Hand Weapons
 a - a +0 club
 h - a +1 short sword of holy wrath (weapon)
 l - a +0 hand axe
Missiles
 f - 13 stones
 g - 47 arrows
 m - 22 poisoned darts
Armour
 b - a +0 leather armour (worn)
Jewellery
 k - a ring of poison resistance (left hand)
 n - an amulet of the acrobat (around neck)
Wands
 d - a wand of charming (15)
Potions
 i - a potion of magic {unknown}
 j - a potion of flight {unknown}
Miscellaneous
 e - a piece from Xom's chessboard (15/15)


   Skills:
 + Level 1.1 Fighting
 + Level 0.1 Short Blades
 + Level 0.2 Maces & Flails
 + Level 2.2 Armour
 + Level 1.2 Dodging
 + Level 2.7 Stealth
 + Level 3.8 Evocations


You had 3 spell levels left.
You didn't know any spells.
Your spell library was empty.

Dungeon Overview and Level Annotations

Branches:
Dungeon (2/15)

Altars:


Innate Abilities, Weirdness & Mutations

Your serpentine skin is tough. (AC +1)
You have supernaturally acute eyesight. (SInv)
Armour fits poorly on your strangely shaped body.
Your system is resistant to poisons. (rPois)
You cover ground very slowly.
You can spit poison.
You have a snake-like lower body.


Message History

You hit the gnoll.
The gnoll is almost dead.
The gnoll barely misses you.
You closely miss the gnoll.
The gnoll is almost dead.
You have got your breath back.
You kill the gnoll!
The gnoll hits you with a +0 whip.
You have reached level 4!
You feel agile.
You hit the gnoll.
You kill the gnoll!
The goblin closely misses you.
You barely miss the goblin. The goblin barely misses you.
You hit the goblin.
You kill the goblin!
The gnoll misses you.
You barely miss the gnoll. The gnoll hits you with a +0 whip!
* * * LOW HITPOINT WARNING * * *
Abil: Spit Poison
Press: ? - help, Q - select action, (/) - cycle Shift-Dir - straight line, f - gnoll
Aim: a gnoll, wielding a +0 whip The splash of poison misses the gnoll.
The gnoll barely misses you.
Unknown command.
You barely miss the gnoll. The gnoll barely misses you.
You hit the gnoll.
The gnoll is moderately wounded.
You have got your breath back.
The gnoll closely misses you.
You hit the gnoll.
The gnoll is moderately wounded.
The gnoll hits you with a +0 whip.
* * * LOW HITPOINT WARNING * * *
Abil: Spit Poison
Press: ? - help, Q - select action, (/) - cycle Shift-Dir - straight line, f/p - gnoll
Aim: a gnoll, wielding a +0 whip (moderately wounded)
The splash of poison misses the gnoll.
The gnoll hits you with a +0 whip.
You die...

#. .#.. . #. .#.#
..####.#.#.##
............
........##.#
........##.####
..#####)......#
#g##.##.# #@##.#
.# #.##.##.###
#.#.......#
#...>...#.#
###.....#.#
...#####..........
.........#...#.##.
...####..#####.#
#........#


You could see a gnoll.

Vanquished Creatures
  An orc wizard (D:2)
  2 gnolls (D:2)
  An adder (D:2)
  A dart slug (D:1)
  2 orcs (D:2)
  A ball python (D:1)
  A goblin (D:2)
  A quokka (D:1)
  2 bats
  2 kobolds
  2 rats
16 creatures vanquished.

Notes
Turn   | Place    | Note
-------+----------+-------------------------------------------
     0 | D:1      | cheechan the Naga Artificer began the quest for the Orb.
     0 | D:1      | Reached XP level 1. HP: 18/18 MP: 1/1
   372 | D:1      | Found a faded altar of an unknown god.
   424 | D:1      | Reached XP level 2. HP: 12/25 MP: 2/2
   897 | D:2      | Reached skill level 1 in Dodging
   897 | D:2      | Reached XP level 3. HP: 7/31 MP: 3/3
  1271 | D:2      | Reached XP level 4. HP: 12/38 MP: 4/4
  1279 | D:2      | Slain by a gnoll

Illustrated notes

Levels and vault maps discovered:
D:1:      dpeg_arrival_rhombus, layout_basic,
          dreamdust_ecumenical_altar_angels_and_demons
D:2:      layout_loops_cross, serial_glass, glass_columns_c, glass_columns_a

Skill      XL: |  1  2 |
---------------+-------+-----
Stealth        | 2 |  2.7
Armour         | 2 |  2.2
Dodging        | 1 |  1.2
Fighting       | |  1.1
Short Blades   | |  0.1
Maces & Flails | |  0.2
Evocations     | |  3.8

Action                   |  1- 3 |  4- 6 || total
-------------------------+-------+-------++-------
Melee: Short sword       |    45 |     7 ||    52
       Club              |     7 |       ||     7
 Abil: Spit Poison       |     1 |     2 ||     3
Evoke: Wand              |    15 |       ||    15
 Stab: Sleeping          |     1 |       ||     1
Armor: Leather armour    |     9 |       ||     9
Dodge: Dodged            |    22 |     6 ||    28

Table legend: (Time is in decaauts)
 A = Elapsed time spent in this place.
 B = Non-inter-level travel time spent in this place.
 C = Inter-level travel time spent in this place.
 D = Time resting spent in this place.
 E = Time spent auto-exploring this place.
 F = Levels seen in this place.
 G = Mean time per level.
                   A        B        C        D        E       F      G
               +--------+--------+--------+--------+--------+-----+--------+
         Total |   1470 |   1470 |      0 |    710 |      0 |   2 |  735.0 |
       Dungeon |   1470 |   1470 |      0 |    710 |      0 |   2 |  735.0 |
               +--------+--------+--------+--------+--------+-----+--------+

Top non-repeatable levels by time:
     D:1: 988 daAuts
     D:2: 482 daAuts
